 Dungeon Crawl Stone Soup version 0.30-a0-377-g5cb311bc9f (webtiles) character file.

Game seed: 14541753503723016668

480 KennySheep the Shooter (level 6, -1/51 HPs)
             Began as a Demigod Hunter on Dec 1, 2022.
             Slain by an orc
             ... wielding a +2 morningstar of flaming
              (3 damage)
             ... on level 5 of the Dungeon.
             The game lasted 00:09:39 (2846 turns).

KennySheep the Shooter (Demigod Hunter)             Turns: 2846, Time: 00:09:39

Health: -1/51      AC:  6    Str: 12    XL:     6   Next: 55%
Magic:  0/8        EV: 14    Int: 11    God:
Gold:   144        SH:  0    Dex: 25    Spells: 5/5 levels left

rFire   . . .      SeeInvis .    a - +0 shortbow
rCold   + . .      Faith    .    (shield currently unavailable)
rNeg    . . .      Spirit   +    n - +3 leather armour of Nihilism {Fly rC+ Will++}
rPois   .          Reflect  .    (no helmet)
rElec   .          Harm     .    g - scarf {repulsion}
rCorr   .          Rampage  .    (no gloves)
Will    ++...                    (no boots)
Stlth   +++.......               s - amulet of guardian spirit
HPRegen 0.28/turn                (no ring)
MPRegen 0.11/turn                (no ring)

@: about to teleport, flying, repel missiles
A: high MP 1, forlorn, divine attributes
a: no special abilities


You were on level 5 of the Dungeon.
You visited 1 branch of the dungeon, and saw 5 of its levels.

You collected 144 gold pieces.

Inventory:

Hand Weapons
 a - a +0 shortbow (weapon)
 b - a +1 dagger of venom
Armour
 g - a scarf of repulsion (worn)
 n - the +3 leather armour of Nihilism (worn) {Fly rC+ Will++}
   (You found it on level 2 of the Dungeon)

   rC:        It protects you from cold.
   Fly:       It grants you flight.
   Will:      It greatly increases your willpower.
Jewellery
 s - an amulet of guardian spirit (around neck)
Scrolls
 c - 2 scrolls of magic mapping {unknown}
 d - a scroll of fog
 e - 2 scrolls of identify
 h - 3 scrolls of immolation
 k - a scroll of poison {unknown}
 l - a scroll of enchant armour {unknown}
 m - a scroll of vulnerability {unknown}
 t - a scroll of brand weapon
Potions
 f - 2 potions of degeneration
 i - a potion of flight


   Skills:
 + Level 3.3 Fighting
 * Level 5.5 Ranged Weapons
 + Level 3.3 Dodging
 + Level 3.1 Stealth


You had 5 spell levels left.
You didn't know any spells.
Your spell library contained the following spells:

 Spells                   Type           Power      Damage    Failure   Level
 Cigotuvi's Dreadful Rot  Necr/Pois/Air  0%         N/A       56%         2
 Poisonous Vapours        Pois/Air       0%         N/A       56%         2
 Gell's Gravitas          Tloc           0%         N/A       80%         3
 Mephitic Cloud           Conj/Pois/Air  0%         N/A       80%         3
 Teleport Other           Tloc           0%         N/A       80%         3
 Anguish                  Hex/Necr       0%         N/A       99%         4
 Dispersal                Tloc           0%         N/A       100%        6
 Enfeeble                 Hex            0%         N/A       100%        7


Dungeon Overview and Level Annotations

Branches:
Dungeon (5/15)
 Temple: D:4-7

Shops:
D:2 :

Annotations:
D:2 1 runed translucent door, Crazy Yiuf


Innate Abilities, Weirdness & Mutations

You have an increased reservoir of magic. (+10% MP)
You shall have no god before yourself.
Your divine heritage dramatically boosts your attributes as you level up.


Message History

An orc comes into view. It is wielding a +0 club.
The gnoll attacks as you move away! The gnoll hits you with a +0 flail.
* * * LOW HITPOINT WARNING * * *
The orc attacks as you move away! The orc barely misses you.
The orc attacks as you move away! The orc misses you.
The hound closely misses you.
Okay, then.
As you read the scroll labelled UTESEA ZACAL, it crumbles to dust.
It is a scroll of identify.
t - a scroll of brand weapon The hound barely misses you.
The gnoll hits you with a +0 flail.
* * * LOW HITPOINT WARNING * * *
The orc hits you with a +0 dagger.
* * * LOW HITPOINT WARNING * * *
The orc completely misses you. The orc priest hits you with a +0 mace.
* * * LOW HITPOINT WARNING * * *
As you read the scroll labelled ELUYTR FOCEDIN, it crumbles to dust.
You hear a loud clanging noise!
It was a scroll of noise.
You hear a shout! x2
The hound misses you. The gnoll misses you. The orc misses you.
The orc hits you but does no damage. The hound closely misses you.
As you read the scroll labelled DOIPSIRI NAQI, it crumbles to dust.
It is a scroll of enchant weapon.
Really abort (and waste the scroll)? [Y]es or [N]o only, please.
Really abort (and waste the scroll)? [Y]es or [N]o only, please.
Really abort (and waste the scroll)?
Okay, then.
The hound closely misses you. The gnoll hits you but does no damage.
The orc misses you. x2
The orc priest begins to cast a cantrip, but forgets the words!
An orc comes into view. It is wielding a +0 whip.
Unknown command.
As you read the scroll labelled QUWNOX MULL, it crumbles to dust.
You feel strangely unstable.
It was a scroll of teleportation.
The hound barely misses you. The gnoll barely misses you.
The orc hits you with a +2 morningstar of flaming.
You die...

###########
#.........#
#.........#
#.........#
#....g....#
#...Yh@o..#
#...Yooo..#
#..<.YYY..#
#####.o####
#o..# ..#.#
..#...
.o.....#
......##


You could see 5 yaks, a hound, an orc priest, a gnoll and 6 orcs.

Vanquished Creatures
  An ogre (D:4)
  A necrophage (D:4)
  A scorpion (D:4)
  An orc priest (D:3)
  3 orc wizards (D:3)
  2 gnolls
  4 adders
  A worm (D:2)
  5 dart slugs
  12 orcs (D:3)
  7 endoplasms
  5 giant cockroaches
  7 goblins
  10 hobgoblins
  6 kobolds
  A quokka (D:2)
  9 ball pythons
  5 bats
  4 frilled lizards
  8 rats
93 creatures vanquished.

Vanquished Creatures (others)
  4 plants (D:3)
4 creatures vanquished.

Grand Total: 97 creatures vanquished

Notes
Turn   | Place    | Note
-------+----------+-------------------------------------------
     0 | D:1      | KennySheep the Demigod Hunter began the quest for the Orb.
     0 | D:1      | Reached XP level 1. HP: 17/17 MP: 3/3
    29 | D:1      | Reached skill level 1 in Stealth
    58 | D:1      | Reached XP level 2. HP: 24/24 MP: 4/4
   204 | D:1      | Reached skill level 4 in Ranged Weapons
   376 | D:1      | Reached XP level 3. HP: 29/29 MP: 5/5
   646 | D:2      | Found Tafiun's Book Shoppe.
   734 | D:2      | Identified the +3 leather armour of Nihilism {Fly rC+
                  | Will++}
  1277 | D:2      | Reached XP level 4. HP: 37/37 MP: 6/6
  1334 | D:2      | Found a runed translucent door.
  1335 | D:2      | Noticed Crazy Yiuf
  2121 | D:3      | Reached XP level 5. HP: 27/42 MP: 4/7
  2134 | D:3      | Reached skill level 5 in Ranged Weapons
  2454 | D:4      | Reached XP level 6. HP: 45/51 MP: 4/8
  2830 | D:5      | Entered Level 5 of the Dungeon
  2836 | D:5      | Noticed a yak
  2837 | D:5      | Noticed a yak
  2837 | D:5      | Noticed a yak
  2837 | D:5      | Noticed a yak
  2838 | D:5      | Noticed a yak
  2843 | D:5      | HP: 2/51 [orc/+0 dagger (1)]
  2846 | D:5      | Slain by an orc

Illustrated notes

Levels and vault maps discovered:
D:1:      mrwooster_arrival_statue_3, layout_loops_cross
D:2:      minmay_alternating_diamond, layout_basic, basic_altar, serial_shops,
          nicolae_shop_competitors_out_of_business, uniq_crazy_yiuf_cottage
D:3:      layout_basic, lemuel_tele_altar, gammafunk_temple_overflow_forgotten
D:4:      layout_cave_pods, tso_metal_star, patterned_corridor
D:5:      layout_rooms, mainiacjoe_overflow_paths, serial_shops,
          nicolae_shop_trees

Skill      XL: |  1  2  3  4  5  6 |
---------------+-------------------+-----
Fighting       | 2 3 |  3.3
Stealth        | 1 2 3 |  3.1
Dodging        | 2 3 |  3.3
Ranged Weapons | 4 5 |  5.5

Action                   |  1- 3 |  4- 6 || total
-------------------------+-------+-------++-------
Melee: Shortbow          |       |     5 ||     5
 Fire: Shortbow          |   125 |   147 ||   272
  Use: Potion            |     1 |     6 ||     7
       Scroll            |     1 |     4 ||     5
Armor: Leather armour    |    20 |    71 ||    91
Dodge: Dodged            |    23 |   131 ||   154

Table legend: (Time is in decaauts)
 A = Elapsed time spent in this place.
 B = Non-inter-level travel time spent in this place.
 C = Inter-level travel time spent in this place.
 D = Time resting spent in this place.
 E = Time spent auto-exploring this place.
 F = Levels seen in this place.
 G = Mean time per level.
                   A        B        C        D        E       F      G
               +--------+--------+--------+--------+--------+-----+--------+
         Total |   2933 |   2869 |     64 |    121 |   2141 |   5 |  586.6 |
       Dungeon |   2933 |   2869 |     64 |    121 |   2141 |   5 |  586.6 |
               +--------+--------+--------+--------+--------+-----+--------+

Top non-repeatable levels by time:
     D:2: 950 daAuts
     D:3: 921 daAuts
     D:1: 643 daAuts
     D:4: 399 daAuts
     D:5: 18 daAuts
